Unix NetHack Version 5.0.0-0 post-release - last build May  4 2026 22:22:43 (774f63e81ad911689b3a0859ea89b322d5daca8d,branch:main).

Game began 2026-05-08 13:51:56, ended 2026-05-08 14:00:37.

2461479678, lawful female human Valkyrie

                                                                      ----
                                                                      |<.|
                                                                      - @-
                                                                    ...of*|
                                                                ...........
                                                            ....>.....--.---
                                                        .............  ---
                                                    .................
                                                  -.... `. --.......
                                                  --        --.---..
                                                             -   ..
                                                                ---

2461479678 the Stripling    St:18/03 Dx:13 Co:15 In:8 Wi:8 Ch:10  Lawful
Dlvl:3  $:25 HP:0(24) Pw:3(3) AC:6  Xp:2 T:638 

Latest messages:
 You descend the stairs.
 You kill the jackal!
 You see here 13 gold pieces.
 You see here 13 gold pieces.
 $ - 13 gold pieces (18 in total).
 The door opens.
 "Velkommen, 2461479678!  Welcome to Glenbeigh's second-hand bookstore!"
 You do not owe Glenbeigh anything.
 With great effort you move the boulder.
 You see here a purple-red potion.
 You see here a purple-red potion.
 h - a purple-red potion.
 The newt bites!
 You kill the newt!
 You see here a newt corpse.
 You hear someone cursing shoplifters.
 You hear the chime of a cash register.
 You kill the goblin!
 Welcome to experience level 2.
 The door resists!
 The door opens.
 You hear the chime of a cash register.
 You hear someone counting gold coins.
 You see here 4 gold pieces.
 $ - 4 gold pieces (22 in total).
 You hear someone cursing shoplifters.
 You see here a food ration.
 You learn more about your items by comparing them.
 d - an uncursed food ration (2 in total).
 You hear the chime of a cash register.
 You see here a cram ration.
 i - a cram ration.
 You see here 2 lembas wafers.
 j - 2 lembas wafers.
 You see here 3 gold pieces.
 $ - 3 gold pieces (25 in total).
 The stairs are solidly affixed.
 You descend the stairs.
 The large cat bites!
 The large cat bites!
 You hit the large cat!
 The large cat bites!
 The hobgoblin swings his scimitar.
 The hobgoblin hits!
 You die...
 Do you want your possessions identified? [ynq] (y) n
 Do you want to see your attributes? [ynq] (y) n
 Do you want an account of creatures vanquished? [ynaq] (y) n
 Do you want to see your conduct and achievements? [ynq] (y) n
 Do you want to see the dungeon overview? [ynq] (y) n

Inventory:
 Coins    ('$')
  $ - 25 gold pieces
 Weapons  (')')
  b - a +0 dagger (alternate weapon; not wielded)
  a - a +1 spear (weapon in right hand)
 Armor    ('[')
  c - an uncursed +3 small shield (being worn)
 Comestibles  ('%')
  i - an uncursed cram ration
  d - 2 uncursed food rations
  j - 2 uncursed lembas wafers
  e - an uncursed lichen corpse
 Potions  ('!')
  g - a cursed potion of fruit juice
  h - an uncursed potion of sickness
 Gems/Stones  ('*')
  f - an uncursed worthless piece of yellow glass

2461479678 the Valkyrie's attributes:

Background:
 You were a Stripling, a level 2 human Valkyrie.
 You were lawful, on a mission for Tyr
 who was opposed by Odin (neutral) and Loki (chaotic).
 You were right-handed.
 You were in the Gnomish Mines, on level 3.
 You entered the dungeon 638 turns ago.
 You had 21 experience points, 19 more were needed to attain level 3.

Basics:
 You had 0 out of 24 hit points.
 You had all 3 energy points (spell power).
 Your armor class was 6.
 Your wallet contained 25 zorkmids.
 Autopickup was off.

Final Characteristics:
 Your strength was 18/03 (limit:18/100).
 Your dexterity was 13 (limit:18).
 Your constitution was 15 (limit:18).
 Your intelligence was 8 (limit:18).
 Your wisdom was 8 (limit:18).
 Your charisma was 10 (limit:18).

Final Status:
 You weren't hungry.
 You were unencumbered.
 You were wielding a spear.
 You had basic skill with spear.

Final Attributes:
 You were fervently aligned.
 You were cold resistant.
 You are dead.

Miscellaneous:
 You encountered 1 bones level.
 Total elapsed playing time was 8 minutes and 40 seconds.

Major events:
 Turn
    1: 2461479678 the lawful human Valkyrie entered the dungeon
  635: entered the Gnomish Mines
  638: killed by a hobgoblin

You didn't know any spells.

Skills:
 Fighting Skills
   bare handed combat [Unskilled]
   two weapon combat  [Unskilled]
   riding             [Unskilled]
 Weapon Skills
   dagger             [Basic]
   axe                [Unskilled]
   pick-axe           [Unskilled]
   short sword        [Unskilled]
   broadsword         [Unskilled]
   long sword         [Unskilled]
   two-handed sword   [Unskilled]
   saber              [Unskilled]
   hammer             [Unskilled]
   quarterstaff       [Unskilled]
   polearms           [Unskilled]
   spear              [Basic]
   trident            [Unskilled]
   lance              [Unskilled]
   sling              [Unskilled]
 Spellcasting Skills
   attack spells      [Unskilled]
   escape spells      [Unskilled]

Voluntary challenges:
 Character rerolling was not enabled.
 You were an atheist.
 You were illiterate.
 You never genocided any monsters.
 You never polymorphed an object.
 You never changed form.
 You used no wishes.
Achievements:
 You entered a shop.
 You entered the Gnomish Mines.

 The Dungeons of Doom: levels 1 to 2
    Level 1:
    Level 2:
       A scroll shop, a fountain.
       Stairs down to The Gnomish Mines.
 The Gnomish Mines:
    Level 3: <- You were here.
       A grave.
       Final resting place for
          you, killed by a hobgoblin,
          Perugi-Tou-Hum-Mal-Neu, killed by a hobgoblin.


Vanquished creatures:
  3 jackals
  a kobold
  a goblin
  a grid bug
  a lichen
  a newt
8 creatures vanquished.

No species were genocided or became extinct.

Game over:
                       ----------
                      /          \
                     /    REST    \
                    /      IN      \
                   /     PEACE      \
                  /                  \
                  |    2461479678    |
                  |      25 Au       |
                  |   killed by a    |
                  |    hobgoblin     |
                  |                  |
                  |                  |
                  |       2026       |
                 *|     *  *  *      | *
        _________)/\\_//(\/(/\)/\//\/|_)_______

Farvel 2461479678 the Valkyrie...

You died in The Gnomish Mines on dungeon level 3 with 207 points,
and 25 pieces of gold, after 638 moves.
You were level 2 with a maximum of 24 hit points when you died.

